 Dungeon Crawl Stone Soup version 0.17.0-28-g6e173f8 (webtiles) character file.

100 PossumBlood the Conjurer (level 4, 0/24 HPs)
             Began as a Deep Elf Conjurer on Nov 26, 2015.
             Slain by PossumBlood's ghost (11 damage)
             ... on level 4 of the Dungeon.
             The game lasted 00:12:10 (3831 turns).

PossumBlood the Conjurer (Deep Elf Conjurer)        Turns: 3831, Time: 00:12:10

Health: 0/24       AC:  2    Str:  5    XL:     4   Next: 47%
Magic:  10/10      EV: 13    Int: 21    God:
Gold:   181        SH:  0    Dex: 20    Spells: 1 memorised, 8 levels left

rFire  . . .     SeeInvis .     e - +1 dagger
rCold  . . .     Clarity  .     a - +0 robe
rNeg   . . .     SustAt   .     (no shield)
rPois  .         Gourm    .     (no helmet)
rElec  .         Spirit   .     (no cloak)
rCorr  .         Warding  .     (no gloves)
rMut   .         Stasis   .     (no boots)
MR     .....                    (no amulet)
Stlth  ++........               (no ring)
                                k - +5 ring of dexterity

@: about to teleport, not resistant to hostile enchantments, unstealthy
A: no striking features
a: no special abilities


You were on level 4 of the Dungeon.
You were not hungry.

You visited 2 branches of the dungeon, and saw 5 of its levels.

You collected 181 gold pieces.

Inventory:

Hand Weapons
 e - a +1 dagger (weapon)
Missiles
 o - 13 stones (quivered)
Armour
 a - a +0 robe (worn)
 n - a +2 helmet
Jewellery
 h - a cursed amulet of inaccuracy {unknown}
 i - an uncursed amulet of stasis {unknown}
 k - a +5 ring of dexterity (left hand)
Scrolls
 c - a scroll of remove curse
 d - a scroll of random uselessness
Potions
 g - a potion of berserk rage {unknown}
 j - a potion of haste {unknown}
Books
 b - a book of Conjurations

   Spells                             Type                      Level
   a - Magic Dart                     Conjuration                  1
   b - Searing Ray                    Conjuration                  2
   c - Dazzling Spray                 Conjuration/Hexes            3
   d - Fulminant Prism                Conjuration/Hexes            4
   e - Iskenderun's Mystic Blast      Conjuration                  4
   f - Iskenderun's Battlesphere      Conjuration/Charms           5
Comestibles
 f - a beef jerky
 m - 2 bread rations


   Skills:
 - Level 0.2 Fighting
 - Level 2.4 Dodging
 - Level 2.4 Stealth
 - Level 3.0 Spellcasting
 + Level 6.5 Conjurations


You had 8 spell levels left.
You knew the following spells:

 Your Spells              Type           Power        Failure   Level  Hunger
a - Magic Dart            Conj           ####         1%          1    None


Dungeon Overview and Level Annotations

Branches:
Dungeon (4/15)             Temple (1/1) D:4

Altars:
Cheibriados
Elyvilon
Gozag
Kikubaaqudgha
Qazlal
Trog
Xom
Yredelemnul

Annotations:
D:3 PossumBlood's ghost, amateur HuFi
D:4 PossumBlood's ghost, amateur MiFi


Message History

Press: ? - help, Shift-Dir - straight line, f/p - PossumBlood's ghost
Aim: PossumBlood's ghost (lightly damaged)
The magic dart hits PossumBlood's ghost.
PossumBlood's ghost is lightly damaged.
PossumBlood's ghost says, "I am invincible!"
PossumBlood's ghost misses you.
PossumBlood's ghost shouts, "You will join me soon!"
Your magical contamination has completely faded away.
PossumBlood's ghost hits you but does no damage.
PossumBlood's ghost says, "I am invincible!"
PossumBlood's ghost hits you.
PossumBlood's ghost says, "You cannot hurt me!"
PossumBlood's ghost says, "You cannot hurt me!"
PossumBlood's ghost hits you!
Ouch! That really hurt!
Read which item? (? for menu, Esc to quit)
As you read the scroll labeled COTSASHREJEU, it crumbles to dust.
You feel strangely unstable.
It was a scroll of teleportation.
PossumBlood's ghost hits you!
You die...

#.. ..##........... #.#
#.##.##.#.##### #.# #.##.##.# #
#.# #.##.##.# #.# #.##.##.# ..
#.# ##.#...#.# #.# ####'##
#......#.# ... ......# #..#.###.#
#.# ..(...### #..#..@W.# #.#
........# #..#.###.# #.#
........###..#.##### #######.#
........'.......... .........
........###..###### ######.#
.....#### #..# #.# #.#### #..# #
#.# #.# #..########.# #####.#
#.#########.........>.#####......


You could see PossumBlood's ghost.

Vanquished Creatures
  An adder (D:3)
  2 worms
  An adder skeleton (D:4)
  5 orcs (D:3)
  A ball python (D:2)
  9 bats
  8 goblins
  6 hobgoblins
  8 jackals (D:1)
  2 quokkas (D:3)
  3 giant cockroaches
  3 giant newts (D:1)
  15 kobolds
  8 rats
72 creatures vanquished.

Notes
Turn   | Place    | Note
--------------------------------------------------------------
     0 | D:1      | PossumBlood the Deep Elf Conjurer began the quest for the Orb.
     0 | D:1      | Reached XP level 1. HP: 10/10 MP: 6/6
   225 | D:1      | Reached XP level 2. HP: 12/15 MP: 2/8
   227 | D:1      | Reached skill level 5 in Conjurations
   899 | D:1      | Reached XP level 3. HP: 17/19 MP: 2/9
  2118 | D:3      | Reached skill level 6 in Conjurations
  2289 | D:3      | Reached XP level 4. HP: 24/24 MP: 7/10
  2290 | D:3      | Found a faded altar to an unknown god.
  2711 | D:3      | Noticed PossumBlood's ghost (amateur HuFi)
  3392 | D:4      | Found a staircase to the Ecumenical Temple.
  3400 | Temple   | Entered the Ecumenical Temple
  3755 | D:4      | Noticed PossumBlood's ghost (amateur MiFi)
  3831 | D:4      | Slain by PossumBlood's ghost

Action                   |  1- 3 |  4- 6 || total
-------------------------+-------+-------++-------
Melee: Dagger            |     7 |       ||     7
 Cast: Magic Dart        |   132 |    44 ||   176
  Use: Scroll            |     8 |     1 ||     9
       Potion            |     3 |     2 ||     5
  Eat: Bread ration      |     1 |       ||     1
       Meat ration       |       |     1 ||     1
